 Dungeon Crawl Stone Soup version 0.30-a0-867-g305f33218d (webtiles) character file.

Game seed: 11664158292444883304

1144 retardedninja the Covered (level 8, -1/71 HPs)
             Began as an Armataur Fighter on Mar 10, 2023.
             Killed from afar by Dowan (31 damage)
             ... with a stone arrow
             ... on level 5 of the Dungeon.
             The game lasted 00:05:32 (4423 turns).

retardedninja the Covered (Armataur Fighter)        Turns: 4423, Time: 00:05:33

Health: -1/71      AC:  9    Str: 23    XL:     8   Next: 15%
Magic:  8/8        EV:  6    Int: 10    God:
Gold:   276        SH:  9    Dex:  9    Spells: 7/7 levels left

rFire   . . .      SeeInvis .    a - +1 war axe
rCold   . . .      Faith    .    q - +1 kite shield
rNeg    . . .      Spirit   .    b - +0 scale mail
rPois   .          Reflect  .    o - +0 helmet
rElec   .          Roll     +    (no cloak)
rCorr   .                        (no gloves)
Will    .....                    (no barding) Stlth
                                 (no amulet)
HPRegen 0.31/turn                (no ring)
MPRegen 0.11/turn                (no ring)

@: invisible
A: large, rugged brown scales 3, deformed body, armoured tail, roll, long
tongue, awkward tongue
a: no special abilities


You were on level 5 of the Dungeon.
You visited 1 branch of the dungeon, and saw 5 of its levels.
You also visited: Sewer.

You collected 406 gold pieces.
You spent 130 gold pieces at shops.

Inventory:

Hand Weapons
 a - a +1 war axe (weapon)
Armour
 b - a +0 scale mail (worn)
 o - a +0 helmet (worn)
 q - a +1 kite shield (worn)
Wands
 c - a wand of polymorph (1)
 u - a wand of roots (9)
Scrolls
 k - a scroll of magic mapping {unknown}
 l - a scroll of vulnerability
 m - 4 scrolls of teleportation
 n - a scroll of amnesia {unknown}
 w - a scroll of poison
 x - a scroll of fog
 y - a scroll of fear {unknown}
 A - a scroll of noise
Potions
 d - 2 potions of invisibility
 e - a potion of mutation {unknown}
 g - a potion of haste {unknown}
 i - a potion of attraction
 j - a potion of berserk rage {unknown}
 p - a potion of degeneration {unknown}
 r - a potion of brilliance
 s - 3 potions of resistance
 t - 3 potions of curing
 v - a potion of lignification {unknown}
 z - 2 potions of might


   Skills:
 + Level 4.8 Fighting
 * Level 5.2 Axes
 + Level 6.4 Armour
 + Level 5.7 Shields


You had 7 spell levels left.
You didn't know any spells.
Your spell library contained the following spells:

 Spells                   Type           Power      Damage    Failure   Level
 Ensorcelled Hibernation  Hex/Ice        0%         N/A       96%         2
 Inner Flame              Hex/Fire       0%         N/A       99%         3
 Ozocubu's Armour         Ice            0%         N/A       99%         3
 Spider Form              Tmut/Pois      0%         N/A       99%         3
 Anguish                  Hex/Necr       0%         N/A       100%        4
 Cause Fear               Hex            0%         N/A       100%        4
 Metabolic Englaciation   Hex/Ice        0%         N/A       100%        5
 Simulacrum               Ice/Necr       0%         N/A       100%        6
 Discord                  Hex            0%         N/A       100%        8


Dungeon Overview and Level Annotations

Branches:
Dungeon (5/15)              Sewer (visited)
 Temple: D:4-7

Altars:
Ru

Shops:
D:3 [

Annotations:
D:5 Dowan


Innate Abilities, Weirdness & Mutations

You are completely covered in rugged brown scales. (AC +3, +7% HP)
Armour fits poorly on your strangely shaped body.
You have a long armoured tail.
You roll when moving toward enemies. (Rampage)
Your long tongue fully drains potion bottles. (2x potion effects)
Your tongue gives you trouble enunciating. (1.5x scroll delay)


Message History

You condense into your normal self.
Your +1 war axe unmelds from your body.
Your +0 helmet unmelds from your body.
Your +1 kite shield unmelds from your body.
Your +0 scale mail unmelds from your body.
Duvessa zaps a wand.
You resist with some effort.
You hit Duvessa.
You kill Duvessa!
You hear a distant wail of despair.
Unknown command.
c - a wand of polymorph (1);
e - a bubbling pink potion
Things that are here:
a +0 short sword; a +0 scale mail Dowan seems to find hidden reserves of power!
Dowan gestures at you while chanting. You block the stone arrow.
You roll towards Dowan!
Dowan casts a spell.
Dowan blinks!
You slurp down every last drop of the potion of invisibility!
You fade into invisibility!
Dowan gestures at you while chanting. The shard of ice hits you!!
Found a stone staircase leading up.
Dowan drinks a potion.
Dowan's spells are empowered!
Dowan hits you with a +0 dagger.
Dowan says, "Her death will not be in vain!"
You roll towards Dowan!
You slash Dowan!
Your tail-slap misses Dowan.
Dowan is heavily wounded.
You block Dowan's attack. Dowan gestures at you while chanting.
The shard of ice misses you.
You barely miss Dowan.
Dowan is heavily wounded.
Dowan hits you but does no damage. Dowan gestures at you while chanting.
The shard of ice misses you.
You closely miss Dowan.
Your tail-slap misses Dowan.
Dowan is heavily wounded.
Dowan casts a spell at you. The stone arrow hits you!!
You die...

.......#
#.##..#.##.###...#####
######## #
##)#..........#
#.###.#..#######.#####
#........# #.....<
#####.##.# #.####. #.#
# #...... #.# #......
.#.## #e# #......
......##@#. #..###.
#.<..#..#######......
#..### .........####
..... #.#.....##
####.. #........# #..
###....รท.# ...
#....#.# ##### ....
#.#.##.### .....####
#### #.........


You could see Dowan (fast, empowered, unable to see you).

Vanquished Creatures
  Grinder (D:4)
  Duvessa (D:5)
  An ice beast (D:5)
  A black bear (D:4)
  2 ogres
  2 kobold brigands (Sewer)
  A jelly (D:4)
  A hound (D:5)
  Jessica (D:3)
  An iguana (D:5)
  2 orc wizards
  11 adders
  2 ufetubi (D:4)
  2 worms
  2 dart slugs
  9 orcs
  5 endoplasms
  2 giant cockroaches
  4 goblins
  4 hobgoblins
  4 jackals (D:2)
  10 kobolds
  A quokka (D:4)
  10 ball pythons
  9 bats
  3 frilled lizards
  3 rats
95 creatures vanquished.

Vanquished Creatures (others)
  5 toadstools (D:1)
5 creatures vanquished.

Grand Total: 100 creatures vanquished

Notes
Turn   | Place    | Note
-------+----------+-------------------------------------------
     0 | D:1      | retardedninja the Armataur Fighter began the quest for the
                  | Orb.
     0 | D:1      | Reached XP level 1. HP: 19/19 MP: 1/1
   223 | D:1      | Reached XP level 2. HP: 26/26 MP: 2/2
   465 | D:1      | Reached skill level 4 in Armour
   991 | D:2      | Reached XP level 3. HP: 28/33 MP: 3/3
  1050 | D:2      | Found a sacrificial altar of Ru.
  1160 | D:2      | Identified the +3 quarterstaff "Udeut" {flame, Dex+5}
  1428 | D:3      | Noticed Jessica
  1433 | D:3      | Killed Jessica
  1434 | D:3      | Reached XP level 4. HP: 40/40 MP: 4/4
  1659 | D:3      | Found Jeukles's Antique Armour Boutique.
  1667 | D:3      | Bought a helmet for 130 gold pieces
  1968 | D:4      | Noticed a black bear
  1981 | D:4      | Killed a black bear
  1982 | D:4      | Reached XP level 5. HP: 15/48 MP: 5/5
  2577 | D:4      | Noticed Grinder
  2591 | D:4      | Killed Grinder
  2592 | D:4      | Reached skill level 5 in Armour
  2592 | D:4      | Reached XP level 6. HP: 30/55 MP: 6/6
  2898 | D:4      | Reached skill level 5 in Shields
  2898 | D:4      | Reached XP level 7. HP: 63/63 MP: 7/7
  3360 | D:5      | Entered Level 5 of the Dungeon
  3697 | D:5      | Found a glowing drain.
  3713 | Sewer    | Entered a sewer
  3924 | Sewer    | Reached skill level 6 in Armour
  4256 | D:5      | Reached skill level 5 in Axes
  4256 | D:5      | Reached XP level 8. HP: 69/71 MP: 8/8
  4345 | D:5      | Identified the +9 dagger of Fimbulwinter {speed, Drain
                  | rElec Int+3}
  4378 | D:5      | Noticed Duvessa
  4381 | D:5      | Noticed Dowan
  4408 | D:5      | Killed Duvessa
  4423 | D:5      | Killed from afar by Dowan

Illustrated notes

Levels and vault maps discovered:
D:1:      kilobyte_arrival_exit_the_forest, layout_basic, fountainhead,
          hangedman_abyss_or_decor_stabs, interstate_on_off, st_stairs_13,
          minmay_gold_behind_fungi
D:2:      layout_rooms, basic_altar
D:3:      layout_basic, serial_shops, nicolae_shop_competitors_out_of_business,
          small_statue_alley_b, nrook_uturn, uniq_jessica
D:4:      layout_basic, uniq_grinder
D:5:      dreamdust_elfheim, layout_loops_cross, lemuel_temple_firewalk_a,
          cheibrodos_sewer_entry_sluice, minivault_26, dk_noncrumbling_3

Skill      XL: |  1  2  3  4  5  6  7 |
---------------+----------------------+-----
Armour         | 4 5 6 |  6.4
Axes           | 2 3 4 5 |  5.2
Fighting       | 3 4 |  4.8
Shields        | 4 5 |  5.7

Action                     |  1- 3 |  4- 6 |  7- 9 || total
---------------------------+-------+-------+-------++-------
  Melee: War axe           |   101 |    87 |   142 ||   330
         Tailslap          |    13 |    11 |    13 ||    37
         Unarmed           |       |       |    18 ||    18
  Evoke: Wand              |       |     4 |       ||     4
    Use: Potion            |       |     4 |     1 ||     5
         Scroll            |       |       |     9 ||     9
 Armour: Scale mail        |    56 |    51 |    65 ||   172
         Skin              |       |       |     3 ||     3
  Dodge: Dodged            |    31 |    25 |    47 ||   103
  Block: Buckler           |    22 |     6 |       ||    28
         Kite shield       |       |    33 |    54 ||    87

Table legend: (Time is in decaauts)
 A = Elapsed time spent in this place.
 B = Non-inter-level travel time spent in this place.
 C = Inter-level travel time spent in this place.
 D = Time resting spent in this place.
 E = Time spent auto-exploring this place.
 F = Levels seen in this place.
 G = Mean time per level.
                   A        B        C        D        E       F      G
               +--------+--------+--------+--------+--------+-----+--------+
         Total |   4562 |   4493 |     69 |    814 |   2827 |   6 |  760.3 |
       Dungeon |   4115 |   4046 |     69 |    672 |   2663 |   5 |  823.0 |
         Sewer |    447 |    447 |      0 |    142 |    164 |   1 |  447.0 |
               +--------+--------+--------+--------+--------+-----+--------+

Top non-repeatable levels by time:
     D:4: 1435 daAuts
     D:1: 957 daAuts
     D:5: 665 daAuts
     D:3: 564 daAuts
     D:2: 491 daAuts
   Sewer: 447 daAuts
